 Dungeon Crawl Stone Soup version 0.26.1-11-gd32895ea62 (webtiles) character file.

Game seed: 9668299095361708847

325311 Zeld the Severer (level 20, 0/135 HPs)
             Began as a Deep Dwarf Fighter on June 1, 2021.
             Was the Champion of Makhleb.
             Slain by a sun demon (14 damage)
             ... led by a balrug
             ... on level 5 of the Abyss on June 2, 2021.
             The game lasted 01:40:37 (47874 turns).

Zeld the Severer (Deep Dwarf Fighter)              Turns: 47874, Time: 01:40:38

Health: 0/135      AC: 27    Str: 25      XL:     20   Next: 73%
Magic:  0/0        EV: 12    Int: 14 (15) God:    Makhleb [******]
Gold:   2424       SH: 14    Dex: 11 (12) Spells: 15/30 levels left

rFire    . . .     SeeInvis +   a - +5 war axe (vamp)
rCold    + . .     Faith    .   C - +0 kite shield {reflect}
rNeg     + . .     Spirit   .   u - +10 plate armour {rPois}
rPois    +         Reflect  +   E - +2 helmet {Int+3}
rElec    +         Harm     .   Y - scarf {repulsion}
rCorr    .         Rampage  .   P - +2 pair of gloves {archery}
Will     ++++.                  D - +2 pair of boots
Stlth    ..........             U - amulet of the Ladybird {Acrobat rElec rPois Will+}
HPRegen  0.00/turn              T - ring of the Duchess {Wiz Int+3}
MPRegen  0.07/turn              V - ring of Qodippystu {+Inv rC+ SInv}

@: about to teleport, non-regenerating, glowing, repel missiles
A: damage resistance, heal wounds, clever 1, [deformed body], deterioration
1[+1], [dopey 2], [frail 3], negative energy resistance 1, sense surroundings 3,
screaming 1, weak 1, [subdued magic 2], no regeneration
}: 2/15 runes: serpentine, barnacled
a: Heal Wounds, Renounce Religion, Evoke Invisibility, Minor Destruction, Lesser
Servant of Makhleb, Major Destruction, Greater Servant of Makhleb


You were on level 5 of the Abyss.
You worshipped Makhleb.
Makhleb was exalted by your worship.
You visited 8 branches of the dungeon, and saw 36 of its levels.
You visited the Abyss 1 time.
You also visited: Bailey, Gauntlet and Volcano.

You collected 3891 gold pieces.
You spent 1467 gold pieces at shops.

Inventory:

Hand Weapons
 a - a +5 vampiric war axe (weapon)
 b - the +7 hand axe of Sharkskin {flame, Will+ MP+9}
   (You found it on level 14 of the Dungeon)

   It has been specially enchanted to burn those struck by it, causing extra
   injury to most foes and up to half again as much damage against particularly
   susceptible opponents.
   Big, fiery blades are also staple armaments of hydra-hunters.
   It affects your willpower, your defense against some magical effects.
   It affects your magic capacity (+9).
Missiles
 r - 103 javelins
 x - 94 poisoned darts (quivered)
 y - 30 silver javelins
Armour
 u - a +10 plate armour of poison resistance (worn)
 C - a +0 kite shield of reflection (worn)
 D - a +2 pair of boots (worn)
 E - a +2 helmet of intelligence (worn)
 P - a +2 pair of gloves of archery (worn)
 Y - a scarf of repulsion (worn)
Jewellery
 T - the ring of the Duchess (left hand) {Wiz Int+3}
   (You found it in a Gauntlet)

   [ring of wizardry]

   It improves your spell success rate.
   It affects your intelligence (+3).
 U - the amulet of the Ladybird (around neck) {Acrobat rElec rPois Will+}
   (You found it on level 6 of the Lair of Beasts)

   [amulet of the acrobat]

   It helps you evade while moving and waiting.
   It insulates you from electricity.
   It protects you from poison.
   It affects your willpower, your defense against some magical effects.
 V - the ring of Qodippystu (right hand) {+Inv rC+ SInv}
   (You found it on level 14 of the Dungeon)

   [ring of see invisible]

   It protects you from cold.
   It lets you see invisible.
   It lets you turn invisible.
Wands
 f - a wand of acid (22)
 z - a wand of polymorph (25)
 B - a wand of disintegration (32)
 H - a wand of enslavement (2)
 J - a wand of iceblast (65)
 N - a wand of flame (53)
 R - a wand of digging (22)
 X - a wand of paralysis (38)
Scrolls
 c - 4 scrolls of holy word
 h - a scroll of silence
 k - 10 scrolls of teleportation
 o - 15 scrolls of remove curse
 t - 7 scrolls of magic mapping
 v - 8 scrolls of identify
 M - 4 scrolls of fear
Potions
 d - 13 potions of might
 e - 9 potions of haste
 g - 16 potions of curing
 j - 6 potions of flight
 m - 4 potions of ambrosia
 n - 3 potions of cancellation
 q - 4 potions of berserk rage
 w - 5 potions of invisibility
 F - 5 potions of resistance
 O - 9 potions of brilliance
 W - 2 potions of magic
Miscellaneous
 p - a box of beasts
 I - a lightning rod (4/4)
 Q - a condenser vane
 S - a phial of floods
 Z - a phantom mirror


   Skills:
 * Level 15.1 Fighting
 - Level 20.0 Axes
 - Level 10.0 Throwing
 * Level 6.2 Armour
 - Level 12.3 Dodging
 - Level 15.0 Shields
 * Level 5.6 Spellcasting
 - Level 19.3 Invocations
 - Level 14.2 Evocations


You had 15 spell levels left.
You knew the following spells:

 Your Spells              Type           Power        Failure   Level
a - Blink                 Tloc           N/A          69%         2
b - Gell's Gravitas       Tloc           1%           88%         3
c - Lesser Beckoning      Tloc           1%           88%         3
d - Teleport Other        Tloc           2%           88%         3
e - Passage of Golubria   Tloc           N/A          99%         4

Your spell library contained the following spells:

 Spells                   Type           Power        Failure   Level
 Animate Skeleton         Necr           4%           54%         1
 Apportation              Tloc           4%           54%         1
 Beastly Appendage        Tmut           4%           54%         1
 Corona                   Hex            2%           54%         1
 Foxfire                  Conj/Fire      8%           54%         1
 Freeze                   Ice            8%           54%         1
 Magic Dart               Conj           8%           54%         1
 Pain                     Necr           8%           54%         1
 Sandblast                Erth           4%           54%         1
 Shock                    Conj/Air       8%           54%         1
 Sting                    Tmut/Pois      8%           54%         1
 Summon Small Mammal      Summ           8%           54%         1
 Call Imp                 Summ           2%           69%         2
 Ensorcelled Hibernation  Hex/Ice        4%           69%         2
 Passwall                 Tmut/Erth      1%           69%         2
 Slow                     Hex            2%           69%         2
 Swiftness                Air            2%           69%         2
 Call Canine Familiar     Summ           2%           88%         3
 Confusing Touch          Hex            2%           88%         3
 Conjure Flame            Conj/Fire      2%           88%         3
 Dazzling Flash           Conj/Hex       4%           88%         3
 Frozen Ramparts          Ice            4%           88%         3
 Inner Flame              Hex/Fire       2%           88%         3
 Mephitic Cloud           Conj/Pois/Air  2%           88%         3
 Ozocubu's Armour         Ice            2%           88%         3
 Spider Form              Tmut/Pois      1%           88%         3
 Static Discharge         Conj/Air       2%           88%         3
 Stone Arrow              Conj/Erth      4%           88%         3
 Summon Guardian Golem    Hex/Summ       2%           88%         3
 Tukima's Dance           Hex            2%           88%         3
 Vampiric Draining        Necr           1%           88%         3
 Airstrike                Air            1%           99%         4
 Animate Dead             Necr           1%           99%         4
 Cause Fear               Hex            1%           99%         4
 Hailstorm                Conj/Ice       2%           99%         4
 Leda's Liquefaction      Hex/Erth       1%           99%         4
 Petrify                  Tmut/Erth      2%           99%         4
 Sticky Flame             Conj/Fire      2%           99%         4
 Summon Ice Beast         Ice/Summ       2%           99%         4
 Summon Lightning Spire   Summ/Air       2%           99%         4
 Agony                    Necr           2%           100%        5
 Bolt of Magma            Conj/Fire/Erth 1%           100%        5
 Borgnjor's Vile Clutch   Necr/Erth      1%           100%        5
 Fireball                 Conj/Fire      1%           100%        5
 Iskenderun's Battlesphe  Conj           2%           100%        5
 Lee's Rapid Deconstruct  Erth           1%           100%        5
 Lightning Bolt           Conj/Air       1%           100%        5
 Silence                  Hex/Air        1%           100%        5
 Conjure Ball Lightning   Conj/Air       1%           100%        6
 Eringya's Noxious Bog    Tmut/Pois      1%           100%        6
 Iron Shot                Conj/Erth      1%           100%        6
 Shadow Creatures         Summ           N/A          100%        6
 Statue Form              Tmut/Erth      1%           100%        6
 Orb of Destruction       Conj           1%           100%        7
 Spellforged Servitor     Conj/Summ      1%           100%        7
 Shatter                  Erth           1%           100%        9
 Tornado                  Air            1%           100%        9


Dungeon Overview and Level Annotations

Branches:
Dungeon (15/15)            Temple (1/1) D:5            Lair (6/6) D:11
 Shoals (4/4) Lair:4        Snake (4/4) Lair:4        Slime (0/5) Lair:5
    Orc (2/2) D:12            Elf (1/3) Orc:2        Vaults (3/5) D:14
  Crypt (0/3) Vaults:3     Depths (0/5) D:15         Bailey (visited)
Volcano (visited)         Gauntlet (visited)

Altars:
Ashenzari
Cheibriados
Dithmenos
Elyvilon
Fedhas
Gozag
Hepliaklqana
Kikubaaqudgha
Makhleb
Nemelex Xobeh
Okawaru
Qazlal
Ru
Sif Muna
Trog
Uskayaw
Vehumet
Wu Jian
Xom
Yredelemnul
Zin
The Shining One
Beogh
Jiyva

Shops:
D:14 [   Orc:2 ::?}

Annotations:
Shoals:4 Bai Suzhen
Vaults:3 Margery


Innate Abilities, Weirdness & Mutations

You are resistant to damage.
You can heal yourself by infusing magical energy.
You resist negative energy. (rN+)
You passively map a large area around you.
You do not regenerate.
Your mind is acute. (Int +2)
You occasionally shout uncontrollably at your foes.
You are weak. (Str -2)
[Armour fits poorly on your strangely shaped body.]
[Your body often deteriorates upon taking damage.]
[You are very dopey. (Int -4)]
[You are extremely frail. (-30% HP)]
[Your spells are easier to cast, but less powerful.]


Message History

Your Executioner hits the large abomination.
The hellwing hits you but does no damage.
The hellwing closely misses you.
A starcursed mass splits.
A starspawn tentacle comes into view.
Unknown command.
You slash the starcursed mass!
You destroy the starcursed mass!
Makhleb accepts your kill.
You feel better.
You hit the hellwing. You barely miss the smoke demon. You slash the hellwing!
You miss the angel.
You hit the blizzard demon but do no damage.
You slash the wretched star! You slash the sun demon!
Your Executioner hits the starcursed mass but does no damage. x2
Your Executioner hits the starcursed mass.
The starcursed mass shudders and is absorbed by its neighbour.
You block the angel's attack. The angel hits you but does no damage.
The sun demon hits you!
* * * LOW HITPOINT WARNING * * *
You are engulfed in flames!
You die...

. . . #........#
.. #........##..
#..........X.
##..w.XXX.X...
..1.XXXX4.... #
###.XXwXX4.... #
#.#)X2A4XxX... . #
.#..FX*@3RX.... ..
#.#.#.X3.4○X##..
.. .....#X24XXX# #
#
=####...XX§h.XXX..
. .
.....F...X3X.... .
.................
. ..
..................
....
....F.............
.. . .. . .


You could see 25 starcursed masses, an angel, 2 tentacled starspawn, a balrug, a
wretched star, a blizzard demon, a sun demon, 4 large abominations, 4 hellwings,
a smoke demon, an efreet, 3 blink frogs, a neqoxec, a red devil, a hell hound, a
small abomination, 2 starspawn tentacles and a friendly Executioner (summoned,
fast, misshapen).

Vanquished Creatures
  Saint Roka (Orc:2)
  Vashnia (Snake:4)
  A sphinx (Vaults:2)
  2 krakens
  5 tentacled starspawn
  Gastronok (D:10)
  Kirke (Elf:1)
  Polyphemus (Shoals:4)
  Roxanne (Shoals:4)
  7 nagarajas
  A tengu reaver (Vaults:3)
  Donald (Shoals:2)
  2 orc warlords (Orc:2)
  5 vault wardens
  A deep elf sorcerer (Abyss:4)
  6 ironheart preservers
  A deep elf elementalist (Abyss:5)
  4 stone giants
  Nessos (Lair:4)
  A deep elf demonologist (Elf:1)
  2 merfolk javelineers (Shoals:4)
  3 merfolk impalers
  A blizzard demon (Abyss:5)
  5 yaktaur captains
  Fannar (Lair:2)
  A fire dragon (Vaults:2)
  The ghost of oc3rt the Spear-Bearer, a journeyman PaFi of the Shining One (Lair:2)
  5 boulder beetles
  20 naga warriors
  3 vault guards (D:14)
  4 great orbs of eyes
  An ice dragon (Vaults:3)
  8 hydras
  2 merfolk avatars (Shoals:4)
  5 centaur warriors
  3 rakshasas
  16 anacondas
  3 catoblepae (Lair:6)
  A two-headed ogre (shapeshifter) (D:14)
  Erica (D:8)
  The ghost of Haraddelas the Transmogrifier, a journeyman OpTm of Okawaru (Lair:2)
  4 merfolk aquamancers
  22 two-headed ogres
  10 ogre magi
  8 death yaks
  A satyr (Shoals:4)
  A deep troll earth mage (Vaults:3)
  4 dancing weapons (Elf:1)
  The ghost of Beepinex the Eclecticist, a journeyman DECj of Vehumet (Lair:2)
  15 naga sharpshooters
  11 deep elf knights
  5 thrashing horrors
  13 shock serpents
  4 orc high priests (Orc:2)
  Urug (Lair:2)
  Sonja (Orc:1)
  A sixfirhy (Abyss:5)
  2 wretched stars (Abyss:4)
  A skeletal warrior (Vaults:2)
  7 salamander mystics
  3 unseen horrors
  A hell knight (Vaults:3)
  8 sea snakes
  A glowing orange brain (Abyss:4)
  5 deep trolls (Vaults:3)
  8 naga ritualists
  An orange crystal statue (Gauntlet)
  6 deep elf archers
  7 ironbrand convokers
  6 wizards
  5 lindwurms
  A sphinx zombie (Vaults:2)
  The ghost of Romesagentofchaos the Shield-Bearer, a novice HOFi (D:5)
  Pikel (D:8)
  4 necromancers
  19 deep elf magi (Elf:1)
  10 orc knights
  6 harpies
  A wolf spider zombie (D:13)
  7 cyclopes
  8 salamanders
  8 orc sorcerers
  12 ugly things
  7 manticores
  4 wolf spiders
  A faun (Shoals:2)
  9 mana vipers
  A human skeleton (Vaults:2)
  8 merfolk sirens
  3 water nymphs
  7 vault sentinels
  28 black mambas
  12 guardian serpents
  12 elephants
  A smoke demon (Abyss:5)
  2 molten gargoyles (Volcano)
  A torpor snail (Lair:2)
  An eye of devastation (Abyss:4)
  22 naga magi
  15 cane toads
  14 yaktaurs
  8 gargoyles
  A minotaur zombie (Gauntlet)
  7 komodo dragons
  4 efreet
  A kobold demonologist (D:11)
  2 rime drakes
  A rime drake (shapeshifter) (Vaults:1)
  5 freezing wraiths
  11 trolls
  An entropy weaver simulacrum (Vaults:1)
  3 ancient zymes (Abyss:4)
  2 tengu conjurers
  12 merfolk
  A meliai (shapeshifter) (Vaults:3)
  3 meliai (D:14)
  3 wind drakes
  A wind drake (shapeshifter) (Vaults:2)
  2 polar bears (Lair:4)
  14 raiju
  18 blink frogs
  2 hornets
  A polar bear (shapeshifter) (D:14)
  3 dream sheep (Shoals:2)
  An ettin zombie (Vaults:2)
  9 slime creatures
  A stone giant simulacrum (Vaults:3)
  7 large abominations
  7 snapping turtles
  4 small abominations
  An ettin skeleton (Vaults:1)
  7 flying skulls
  3 air elementals
  5 shadows
  4 hogs
  2 ynoxinuls
  A tarantella (shapeshifter) (Vaults:1)
  5 wyverns
  2 vampires
  A black mamba skeleton (Abyss:4)
  14 water elementals
  A wraith (D:13)
  A human (shapeshifter) (Vaults:1)
  6 basilisks
  2 fire bats (Volcano)
  11 starcursed masses
  71 yaks
  18 humans (D:14)
  13 fire elementals
  3 vampire mosquitoes (D:15)
  A basilisk (shapeshifter) (Abyss:5)
  A neqoxec (Abyss:4)
  5 acid dragons
  48 nagas
  5 wargs
  3 soldier ants
  Duvessa (D:5)
  3 hell hounds
  18 water moccasins
  67 orc warriors
  An orc zombie (Vaults:1)
  13 ice beasts
  A sky beast (D:12)
  3 black bears
  A hornet zombie (D:9)
  A phantom (D:8)
  An ettin simulacrum (Vaults:2)
  22 ogres
  12 wolves
  3 eyes of draining
  A necrophage (D:15)
  9 boggarts
  23 centaurs
  14 big kobolds
  17 bullfrogs
  A yaktaur skeleton (Vaults:1)
  Dowan (D:5)
  2 earth elementals
  2 gnoll sergeants
  A wyvern zombie (D:8)
  2 wyvern skeletons
  9 scorpions
  A human simulacrum (Vaults:2)
  9 killer bees
  25 wights
  A howler monkey (D:5)
  5 lava snakes (Volcano)
  A bullfrog zombie (D:9)
  A quasit (D:7)
  5 centaur zombies
  7 hounds
  3 jellies
  35 orc priests
  7 centaur skeletons
  3 bullfrog skeletons
  4 iguanas
  12 worker ants
  15 orc wizards
  2 killer bee zombies
  A hound zombie (D:6)
  A worker ant zombie (D:7)
  A howler monkey skeleton (D:7)
  8 gnolls
  11 adders
  3 white imps
  3 ufetubi
  An ooze (D:3)
  An adder skeleton (D:8)
  4 worms
  2 dart slugs (D:1)
  4 leopard geckos
  143 orcs
  8 giant cockroaches
  4 goblins
  6 hobgoblins
  5 jackals
  29 kobolds
  7 quokkas
  A ball python (D:9)
  6 bats
  3 frilled lizards
  5 rats
  A butterfly (D:3)
  7 starspawn tentacles
1519 creatures vanquished.

Vanquished Creatures (collateral kills)
  A bone dragon (Abyss:4)
  The ghost of Loidof the Severer, an adept MiFi of Okawaru (Shoals:1)
  The ghost of Xuilleph the Imperceptible, an adept KoDe of Dithmenos (Shoals:3)
  The ghost of Waecyras the Immaculate, an adept KoGl of Zin (D:15)
  3 slime creatures (Vaults:2)
  A dire elephant (Lair:1)
  A minotaur (Gauntlet)
  3 merfolk javelineers (Shoals:4)
  Azrael (Orc:2)
  2 merfolk impalers (Shoals:4)
  4 hydras
  3 catoblepae
  3 merfolk aquamancers (Shoals:4)
  2 death yaks (D:11)
  A satyr (Shoals:3)
  A sea snake (Shoals:3)
  A lindwurm (shapeshifter) (Vaults:2)
  An ugly thing (D:14)
  A salamander (Snake:3)
  A manticore (Shoals:4)
  An elephant (Lair:1)
  A cyclops (Shoals:3)
  6 merfolk sirens
  A water nymph (Shoals:3)
  A cane toad (Lair:5)
  A komodo dragon (Lair:6)
  A polar bear (Lair:5)
  A wind drake (Shoals:1)
  7 merfolk
  A blink frog (Lair:3)
  5 snapping turtles
  4 dream sheep
  8 yaks
  2 water elementals
  A basilisk (Lair:5)
  A water moccasin (Lair:3)
  A wolf (Lair:6)
  A centaur (Bailey)
  2 bullfrogs
  A starcursed mass (Abyss:4)
  A hound (D:14)
  A worker ant (D:14)
  6 orcs
  5 tentacles
93 creatures vanquished.

Vanquished Creatures (others)
  Nikola (Snake:2)
  A nagaraja (Snake:2)
  3 sea snakes (Shoals:4)
  2 manticores (Shoals:4)
  A black mamba (Snake:2)
  2 merfolk (Shoals:4)
  A blink frog (Abyss:5)
  A snapping turtle (Shoals:4)
  4 water elementals (Shoals:4)
  A human (Elf:1)
  A neqoxec (Abyss:5)
  A hell hound (Abyss:5)
  An orc warrior (Orc:2)
  A crimson imp (D:15)
  An orc (Orc:2)
  35 fungi
  67 plants
  16 starspawn tentacles
  28 tentacles
  9 toadstools (Lair:1)
  18 withered plants
195 creatures vanquished.

Grand Total: 1807 creatures vanquished

Notes
Turn   | Place    | Note
-------+----------+-------------------------------------------
     0 | D:1      | Zeld the Deep Dwarf Fighter began the quest for the Orb.
     0 | D:1      | Reached XP level 1. HP: 20/20 MP: 1/1
   281 | D:1      | Reached skill level 3 in Axes
   282 | D:1      | Reached XP level 2. HP: 18/27 MP: 2/2
   741 | D:2      | Reached XP level 3. HP: 20/33 MP: 3/3
   745 | D:2      | Reached skill level 4 in Axes
   876 | D:2      | You fall into a shaft and drop 2 floors!
   893 | D:4      | Noticed a scorpion
   915 | D:4      | Killed a scorpion
   916 | D:4      | Reached skill level 5 in Axes
   916 | D:4      | Reached XP level 4. HP: 37/40 MP: 4/4
  1202 | D:3      | Found a shimmering altar of Xom.
  1748 | D:2      | Reached XP level 5. HP: 30/46 MP: 5/5
  2414 | D:4      | Reached skill level 6 in Axes
  2505 | D:4      | Found a sacrificial altar of Ru.
  2548 | D:4      | Found a shimmering blue altar of Sif Muna.
  2830 | D:4      | Reached skill level 7 in Axes
  2830 | D:4      | Reached XP level 6. HP: 31/55 MP: 6/6
  3049 | D:5      | Entered Level 5 of the Dungeon
  3074 | D:5      | Found a stormy altar of Qazlal.
  3098 | D:5      | Found a runed translucent gate.
  3098 | D:5      | Found a runed translucent gate.
  3126 | D:5      | Found a runed translucent gate.
  3130 | D:5      | Noticed Romesagentofchaos's ghost (novice HOFi)
  3238 | D:5      | Noticed Dowan
  3239 | D:5      | Noticed Duvessa
  3580 | D:5      | Killed Duvessa
  3581 | D:5      | Reached skill level 8 in Axes
  3599 | D:5      | Killed Dowan
  3690 | D:5      | Reached XP level 7. HP: 43/61 MP: 7/7
  3846 | D:5      | Found a staircase to the Ecumenical Temple.
  4090 | D:5      | Reached skill level 9 in Axes
  4674 | Temple   | Entered the Ecumenical Temple
  4696 | Temple   | Became a worshipper of Makhleb the Destroyer
  4945 | D:5      | Killed Romesagentofchaos's ghost
  4946 | D:5      | Reached skill level 10 in Axes
  4946 | D:5      | Reached XP level 8. HP: 52/68 MP: 8/8
  5086 | D:6      | Reached skill level 11 in Axes
  5966 | D:7      | Reached * piety under Makhleb
  5967 | D:7      | Reached skill level 12 in Axes
  6606 | D:7      | Found a bloodstained altar of Trog.
  6785 | D:7      | Gained mutation: You passively map the area around you.
                  | [Deep Dwarf growth]
  6785 | D:7      | Reached XP level 9. HP: 64/74 MP: 7/7
  7069 | D:8      | Reached skill level 13 in Axes
  7163 | D:8      | Noticed Pikel
  7180 | D:8      | Killed Pikel
  7181 | D:8      | Reached skill level 14 in Axes
  7261 | D:8      | Noticed Erica
  7266 | D:8      | Reached ** piety under Makhleb
  7742 | D:8      | Killed Erica
  7974 | D:8      | Reached skill level 15 in Axes
  7974 | D:8      | Reached XP level 10. HP: 72/81 MP: 7/7
  8419 | D:9      | Found a roughly hewn altar of Beogh.
  8941 | D:10     | Entered Level 10 of the Dungeon
  8952 | D:10     | Reached skill level 16 in Axes
  8958 | D:10     | Reached skill level 1 in Throwing
  8961 | D:10     | Reached *** piety under Makhleb
  9902 | D:10     | Noticed Gastronok
  9936 | D:10     | HP: 3/78 [Gastronok (27)]
  9942 | D:10     | Killed Gastronok
  9943 | D:10     | Reached XP level 11. HP: 85/88 MP: 8/8
 10310 | D:11     | Noticed a death yak
 10313 | D:11     | Noticed a death yak
 10313 | D:11     | Noticed an eight-headed hydra
 10371 | D:11     | Killed a death yak
 10390 | D:11     | Killed a death yak
 10501 | D:11     | Found a flagged portal.
 10509 | D:11     | Paralysed by a hornet for 1 turns
 10522 | Bailey   | Entered a bailey
 10932 | Bailey   | Gained mutation: You are weak. (Str -2) [a neqoxec]
 10934 | Bailey   | Gained mutation: You occasionally shout uncontrollably at
                  | your foes. [a neqoxec]
 10998 | Bailey   | Reached **** piety under Makhleb
 11345 | D:11     | Noticed a purple ugly thing
 11367 | D:11     | Killed a purple ugly thing
 11404 | D:11     | Noticed a two-headed ogre
 11420 | D:11     | Killed a two-headed ogre
 11486 | D:11     | Reached skill level 10 in Throwing
 11554 | D:11     | Reached skill level 1 in Invocations
 11560 | D:11     | Reached skill level 1 in Evocations
 11570 | D:11     | Reached skill level 1 in Dodging
 11704 | D:11     | Found a staircase to the Lair.
 11706 | D:11     | Noticed a death yak
 11742 | D:11     | Killed a death yak
 11794 | D:11     | Killed an eight-headed hydra
 11795 | D:11     | Reached XP level 12. HP: 25/99 MP: 8/10
 12226 | D:12     | Found a roughly hewn altar of Beogh.
 12226 | D:12     | Found a staircase to the Orcish Mines.
 12314 | D:12     | Reached skill level 5 in Invocations
 12385 | D:12     | Noticed a centaur warrior
 12404 | D:12     | Killed a centaur warrior
 12685 | D:12     | Reached skill level 5 in Fighting
 13011 | D:13     | Reached ***** piety under Makhleb
 13125 | D:13     | Noticed a seven-headed hydra
 13154 | D:13     | Killed an eight-headed hydra
 13704 | D:13     | Reached skill level 5 in Evocations
 13843 | D:13     | Identified a scroll of acquirement
 13844 | D:13     | Acquired a +6 antimagic broad axe
 14091 | D:14     | Found Veuxiurr's Antique Armour Boutique.
 14094 | D:14     | Found a glowing golden altar of the Shining One.
 14558 | D:14     | Bought a pair of runed gloves for 240 gold pieces
 14698 | D:14     | Noticed a vault guard
 14708 | D:14     | Noticed a vault guard
 14712 | D:14     | Reached skill level 17 in Axes
 14721 | D:14     | Killed a vault guard
 14722 | D:14     | Reached XP level 13. HP: 95/111 MP: 4/12
 14741 | D:14     | Found a gate to the Vaults.
 14956 | D:14     | Learned a level 2 spell: Blink
 14960 | D:14     | Learned a level 3 spell: Gell's Gravitas
 14964 | D:14     | Learned a level 3 spell: Lesser Beckoning
 14968 | D:14     | Learned a level 3 spell: Teleport Other
 15077 | D:14     | Reached skill level 18 in Axes
 15720 | D:14     | Reached skill level 19 in Axes
 15868 | D:14     | Got a bloodstained hand axe
 15869 | D:14     | Identified the +7 hand axe of Sharkskin {flame, Will+ MP+9}
                  | (You found it on level 14 of the Dungeon)
 16043 | D:14     | Got a twitching glass ring
 16049 | D:14     | Got a clouded tin ring
 16069 | D:14     | Identified the ring "Tisin" {Int+2 Dex+2 Stlth-} (You found
                  | it on level 14 of the Dungeon)
 16070 | D:14     | Identified the ring of Qodippystu {+Inv rC+ SInv} (You
                  | found it on level 14 of the Dungeon)
 16253 | D:15     | Entered Level 15 of the Dungeon
 16297 | D:15     | Gained mutation: You resist negative energy. (rN+) [Deep
                  | Dwarf growth]
 16297 | D:15     | Reached XP level 14. HP: 84/120 MP: 8/8
 16538 | D:15     | Reached skill level 20 in Axes
 16806 | D:15     | Found a runed translucent door.
 16816 | D:15     | Noticed Waecyras's ghost (adept KoGl)
 16948 | D:15     | Killed Waecyras's ghost
 17333 | D:15     | Reached skill level 5 in Dodging
 17513 | D:15     | Reached ****** piety under Makhleb
 17742 | D:15     | Found a staircase to the Depths.
 18039 | Lair:1   | Entered Level 1 of the Lair of Beasts
 18332 | Lair:1   | Reached skill level 10 in Invocations
 18568 | Lair:1   | Found a runed translucent door.
 19472 | Lair:2   | Found a runed translucent gate.
 19473 | Lair:2   | Found a runed translucent gate.
 19474 | Lair:2   | Noticed Fannar
 19476 | Lair:2   | Found a runed translucent gate.
 19476 | Lair:2   | Noticed Beepinex's ghost (journeyman DECj)
 19476 | Lair:2   | Noticed oc3rt's ghost (journeyman PaFi)
 19477 | Lair:2   | Noticed Haraddelas's ghost (journeyman OpTm)
 19504 | Lair:2   | Found a frozen archway.
 19536 | Lair:2   | Killed Fannar
 19545 | Lair:2   | Found a gate leading to a gauntlet.
 19555 | Gauntlet | Entered a Gauntlet
 19555 | Gauntlet | Found a transporter.
 19555 | Gauntlet | Found a transporter.
 19559 | Gauntlet | Found a transporter.
 19559 | Gauntlet | Found a transporter.
 19568 | Gauntlet | Found a transporter.
 19577 | Gauntlet | Found a transporter.
 19585 | Gauntlet | Found a transporter.
 19591 | Gauntlet | Found a transporter.
 19599 | Gauntlet | Found the ring of Shadows {Umbra +Inv Stlth+}
 19599 | Gauntlet | Found a transporter.
 19620 | Gauntlet | Found a transporter.
 19627 | Gauntlet | Found a transporter.
 19647 | Gauntlet | Found a transporter.
 19681 | Gauntlet | Found a transporter.
 19695 | Gauntlet | Found a transporter.
 19795 | Gauntlet | Found a transporter.
 19813 | Gauntlet | Found a transporter.
 20163 | Gauntlet | Got a coiled wooden ring
 20164 | Gauntlet | Identified the ring of the Duchess {Wiz Int+3} (You found
                  | it in a Gauntlet)
 20314 | Gauntlet | Identified the ring of Esuagiqo {Str+4 SInv}
 20450 | Gauntlet | Identified Ekoor's Disquisition on Hexes and the Mountains
 21191 | Lair:2   | Noticed Urug
 21214 | Lair:2   | Killed Urug
 21881 | Lair:2   | Killed Haraddelas's ghost
 21888 | Lair:2   | Killed Beepinex's ghost
 21908 | Lair:2   | Killed oc3rt's ghost
 21968 | Lair:3   | Reached XP level 15. HP: 134/134 MP: 10/10
 21986 | Lair:3   | Found a dark tunnel.
 21991 | Volcano  | Entered a volcano
 22468 | Volcano  | Found a bloodstained altar of Trog.
 22944 | Lair:3   | Got a transparent helmet
 22955 | Lair:3   | Identified the +1 helmet of Gyxtorif {-Tele rElec rN++
                  | MP+9} (You found it on level 3 of the Lair of Beasts)
 23803 | Lair:4   | Found a staircase to the Shoals.
 24220 | Lair:1   | Got a colourful robe
 24231 | Lair:1   | Identified the cursed +1 robe of the Unseen Realm {Harm
                  | Regen+ Int-4} (You found it on level 1 of the Lair of
                  | Beasts)
 24745 | Lair:1   | HP: 4/136 [dire elephant (7)]
 25789 | Lair:4   | Reached skill level 1 in Spellcasting
 26064 | Lair:4   | Found a staircase to the Snake Pit.
 26117 | Lair:4   | Noticed Nessos
 26164 | Lair:4   | Killed Nessos
 26667 | Lair:5   | Reached skill level 10 in Fighting
 26843 | Lair:5   | Found a staircase to the Slime Pits.
 26844 | Lair:5   | Found a viscous altar of Jiyva.
 27250 | Lair:6   | Entered Level 6 of the Lair of Beasts
 27555 | Lair:6   | Reached XP level 16. HP: 147/147 MP: 11/11
 27675 | Lair:6   | Reached skill level 10 in Evocations
 27869 | Lair:6   | Got a fine iron amulet
 28520 | Orc:1    | Entered Level 1 of the Orcish Mines
 28735 | Orc:1    | Noticed Sonja
 28757 | Orc:1    | Killed Sonja
 29018 | Orc:2    | Entered Level 2 of the Orcish Mines
 29154 | Orc:2    | Found a roughly hewn altar of Beogh.
 29243 | Orc:2    | Found Tecseata's Book Emporium.
 29260 | Orc:2    | Found Raim's Book Shoppe.
 29488 | Orc:2    | Acquired a +1 plate armour of poison resistance
 29652 | Orc:2    | Found a staircase to the Elven Halls.
 29791 | Orc:2    | Found Codghem's Magic Scroll Shop.
 29826 | Orc:2    | Bought a scroll of fear for 49 gold pieces
 29826 | Orc:2    | Bought a scroll of identify for 28 gold pieces
 29826 | Orc:2    | Bought a scroll of remove curse for 42 gold pieces
 29826 | Orc:2    | Bought a scroll of holy word for 105 gold pieces
 29826 | Orc:2    | Bought a scroll of identify for 28 gold pieces
 29826 | Orc:2    | Bought a scroll of summoning for 133 gold pieces
 29826 | Orc:2    | Bought a scroll of identify for 28 gold pieces
 29826 | Orc:2    | Bought a scroll of remove curse for 42 gold pieces
 29826 | Orc:2    | Bought a scroll of identify for 28 gold pieces
 29839 | Orc:2    | Identified the amulet of the Ladybird {Acrobat rElec rPois
                  | Will+} (You found it on level 6 of the Lair of Beasts)
 29899 | Orc:2    | Noticed Saint Roka
 29919 | Orc:2    | Found a roughly hewn altar of Beogh.
 29936 | Orc:2    | Killed Saint Roka
 29976 | Orc:2    | Found Komi's Gadget Emporium.
 29994 | Orc:2    | Bought a wand of iceblast (11) for 180 gold pieces
 29994 | Orc:2    | Bought a wand of iceblast (12) for 192 gold pieces
 29994 | Orc:2    | Bought a wand of paralysis (11) for 156 gold pieces
 29994 | Orc:2    | Bought a wand of paralysis (9) for 132 gold pieces
 29994 | Orc:2    | Bought a wand of polymorph (5) for 84 gold pieces
 30227 | Orc:2    | Noticed Azrael
 30574 | Orc:2    | Killed Azrael
 31241 | Snake:1  | Entered Level 1 of the Snake Pit
 31355 | Snake:1  | Reached skill level 15 in Invocations
 31567 | Snake:1  | Learned a level 4 spell: Passage of Golubria
 32079 | Snake:1  | Reached XP level 17. HP: 159/159 MP: 10/10
 33397 | Snake:2  | Reached skill level 10 in Dodging
 33627 | Snake:2  | Noticed Nikola
 33661 | Snake:2  | Killed Nikola
 34322 | Snake:3  | Found a sacrificial altar of Ru.
 35313 | Snake:4  | Entered Level 4 of the Snake Pit
 35768 | Snake:4  | Noticed Vashnia
 35785 | Snake:4  | Killed Vashnia
 35847 | Snake:4  | Gained mutation: You passively map a large area around you.
                  | [Deep Dwarf growth]
 35847 | Snake:4  | Reached XP level 18. HP: 151/171 MP: 10/10
 36098 | Snake:4  | Got a serpentine rune of Zot
 36871 | Shoals:1 | Entered Level 1 of the Shoals
 36988 | Shoals:1 | Found a runed translucent gate.
 36988 | Shoals:1 | Found a runed translucent gate.
 36988 | Shoals:1 | Found a runed translucent gate.
 37028 | Shoals:1 | Noticed Loidof's ghost (adept MiFi)
 37129 | Shoals:1 | Killed Loidof's ghost
 38437 | Shoals:3 | Noticed Donald
 38474 | Shoals:2 | Killed Donald
 38776 | Shoals:3 | Found a large runed translucent door.
 38776 | Shoals:3 | Found a large runed translucent door.
 38778 | Shoals:3 | Noticed Xuilleph's ghost (adept KoDe)
 39086 | Shoals:3 | Killed Xuilleph's ghost
 39166 | Shoals:3 | Got a faintly glowing bronze ring
 40033 | Shoals:4 | Entered Level 4 of the Shoals
 40033 | Shoals:4 | Noticed Bai Suzhen
 40051 | Shoals:4 | Noticed Polyphemus
 40096 | Shoals:4 | HP: 4/176 [manticore/volley of spikes (6)]
 40119 | Shoals:4 | Killed Polyphemus
 40154 | Shoals:4 | Reached XP level 19. HP: 113/177 MP: 5/5
 40253 | Shoals:4 | Identified Roxanne's Collected Works on Transformation
 40253 | Shoals:4 | Noticed Roxanne
 40272 | Shoals:4 | Killed Roxanne
 40284 | Shoals:4 | Identified the ring of Umew {Str+5 Int+2 SInv} (You found
                  | it on level 3 of the Shoals)
 40566 | Shoals:4 | Got a barnacled rune of Zot
 41166 | Vaults:1 | Entered Level 1 of the Vaults
 41217 | Vaults:1 | Reached skill level 5 in Shields
 42753 | Vaults:2 | Reached skill level 10 in Shields
 44272 | Elf:1    | Entered Level 1 of the Elven Halls
 44275 | Elf:1    | Noticed Kirke
 44830 | Elf:1    | Killed Kirke
 45570 | Elf:1    | Reached XP level 20. HP: 190/190 MP: 1/1
 47029 | Vaults:3 | Found a staircase to the Crypt.
 47029 | Vaults:3 | Found a basalt altar of Yredelemnul.
 47030 | Vaults:3 | Found an ancient bone altar of Kikubaaqudgha.
 47062 | Vaults:3 | Reached skill level 15 in Shields
 47068 | Vaults:3 | Noticed Margery
 47084 | Vaults:3 | Cast into level 4 of the Abyss (Margery)
 47229 | Abyss:4  | Gained mutation: [Your body sometimes deteriorates upon
                  | taking damage.] [a neqoxec]
 47564 | Abyss:4  | Noticed a bone dragon
 47604 | Abyss:4  | Paralysed by accursed screaming for 1 turns
 47623 | Abyss:4  | Killed a bone dragon
 47624 | Abyss:4  | Reached skill level 5 in Armour
 47658 | Abyss:4  | Reached skill level 5 in Spellcasting
 47675 | Abyss:5  | Entered Level 5 of the Abyss
 47810 | Abyss:5  | Gained mutation: Your mind is acute. (Int +2) [a neqoxec]
 47819 | Abyss:5  | Reached skill level 15 in Fighting
 47858 | Abyss:5  | Paralysed by accursed screaming for 1 turns
 47868 | Abyss:5  | Paralysed by accursed screaming for 2 turns
 47874 | Abyss:5  | Slain by a sun demon

Illustrated notes

Levels and vault maps discovered:
D:1:      shiori_arrival_elements, layout_loops_ring, roderic_roman_lattice,
          minmay_misc_feat_secret_circle
D:2:      layout_loops_ring, minivault_27, minmay_tetromino_o2
D:3:      layout_loops_corners, xom_butterflies
D:4:      layout_basic, lemuel_blue_sif_altar,
          nicolae_ru_great_annihilating_truth
D:5:      layout_layer_cave, minmay_temple_entry_butterflies,
          gammafunk_ghost_nasty_kobolds, grunt_qazlal_clouds, uniq_duvessa
D:6:      layout_loops_ring
D:7:      layout_basic, overflow_temple_1_default, minmay_crossroads
D:8:      layout_loops_ring, serial_rivers, chequers_serial_rivers_small_a,
          chequers_serial_rivers_micro_d, chequers_serial_rivers_micro_c,
          chequers_serial_rivers_large_a, uniq_erica, uniq_pikel
D:9:      layout_gridville, david_defended_altar_orc
D:10:     layout_rooms, uniq_gastronok
D:11:     layout_roguey, dpeg_lair_monsters, special_room [special_room_kobold],
          enter_bailey_6, chequers_serial_rivers_room_a
D:12:     layout_roguey, david_orc_5, hangedman_decor_push
D:13:     layout_loops_corners, roderic_serpentine_path
D:14:     minmay_the_grid_triangle_9x9_rhombus_full
          [minmay_the_grid_triangle_9x9_thin_v,
          minmay_the_grid_triangle_9x9_from_above,
          minmay_the_grid_triangle_9x9_pentomino_pain,
          minmay_the_grid_triangle_9x9_descending_squares,
          minmay_the_grid_triangle_9x9_steps,
          minmay_the_grid_triangle_9x9_alien,
          minmay_the_grid_triangle_9x9_checkered,
          minmay_the_grid_triangle_9x9_prize_insulated], layout_basic,
          grunt_vaults_entry_tiered, basic_altar, minmay_misc_feat_room,
          serial_shops, nicolae_shop_crystal
D:15:     grunt_enter_depths_magical_seal, layout_irregular_city,
          ebering_ghost_reflecting_pool, minmay_misc_feat_five,
          lightli_wizard_tower
Temple:   eino_narrow_crystal_temple
Lair:1:   gammafunk_lair_enchanted_lake, layout_cave_pods, columned_hall_lemuel
Lair:2:   layout_small_grid, gauntlet_entry_generic,
          portal_ice_cave_entry_ice_beasts, gammafunk_ghost_cemetery,
          uniq_fannar, uniq_urug
Lair:3:   layout_misc_corridors, enter_volcano_4, hangedman_lair_generics_rect
Lair:4:   nzn_winding_woodlands_medium [nzn_winding_woodlands_5x5_three,
          nzn_winding_woodlands_5x15_river_crossing,
          nzn_winding_woodlands_5x5_checkerboard,
          nzn_winding_woodlands_5x5_closed_star,
          nzn_winding_woodlands_center_garden, nzn_winding_woodlands_hourglass,
          nzn_winding_woodlands_5x5_cross, nzn_winding_woodlands_5x15_parted,
          nzn_winding_woodlands_5x5_open_star], layout_gridlike,
          elwin_shoals_entry_stream, guppyfry_snake_entry_garden, uniq_nessos
Lair:5:   layout_cave_shapes, slime_altar_1, serial_bayou_shore_a
Lair:6:   evilmike_catoblepas_cave, layout_small_grid,
          nicolae_quartered_pool_little
Shoals:1: layout_shoals, ebering_ghost_rock_garden
Shoals:2: layout_shoals
Shoals:3: layout_shoals, ebering_ghost_disaster_area, uniq_donald
Shoals:4: shoals_end_simple, layout_shoals, uniq_roxanne, uniq_polyphemus,
          uniq_bai_suzhen
Snake:1:  layout_chambers
Snake:2:  layout_chambers, uniq_nikola
Snake:3:  layout_cave_shapes, special_room, basic_altar
Snake:4:  snake_pit_salamanders_mu, layout_cave_town, uniq_vashnia
Orc:1:    layout_diamond_mine, sword_in_stone, uniq_sonja
Orc:2:    pubby_orc_utopia, uniq_azrael
Elf:1:    layout_onion_city, minivault_28, uniq_kirke
Vaults:1: grunt_vaults_funnel, nicolae_vaults_gold_heap,
          nicolae_vaults_puzzle_piece, v_alt_pattern_5, v_misc_29,
          nicolae_vaults_border_crossing, nicolae_vaults_little_squares_4,
          vaults_room_corners, vaults_dpeg_encased_lava, layout_vaults_omnigrid
Vaults:2: vaults_room_octagon, grunt_vaults_focal, nicolae_vaults_alarming,
          ontoclasm_vaults_chip, nicolae_vaults_twisting_passages, v_pattern_2,
          vaults_room_pool, ontoclasm_vaults_hangar, vaults_room_stairs_pillars,
          ontoclasm_vaults_shout, layout_vaults_omnibox
Vaults:3: nicolae_vaults_little_squares_6, v_rooms_3, nicolae_vaults_minivaults,
          hangedman_vaults_nodes, nicolae_vaults_diagonal_hallway_7,
          ontoclasm_vaults_pinch, nicolae_vaults_diagonal_hallway_8,
          minmay_crypt_entry_necro_gods, layout_vaults_ring, uniq_margery
Abyss:5:  base: Vaults:3, base: Vaults:3, evilmike_abyss_exit_14,
          evilmike_nicolae_abyss_rune_betentacled_crabyss

Skill      XL: |  1  2  3  4  5  6  7  8  9 10 11 12 13 14 15 16 17 18 19 20 |
---------------+-------------------------------------------------------------+-----
Axes           | 3 5 7 8 10 12 15 16 17 19 20 | 20.0
Throwing       | 6 10 | 10.0
Invocations    | 4 7 11 13 15 17 19 | 19.3
Fighting       | 3 6 8 10 11 13 14 15 | 15.1
Evocations     | 2 5 7 9 11 12 14 | 14.2
Dodging        | 2 4 6 8 9 11 12 | 12.3
Spellcasting   | 2 4 5 |  5.6
Shields        | 13 15 | 15.0
Armour         | 6 |  6.2

Action                   |  1- 3 |  4- 6 |  7- 9 | 10-12 | 13-15 | 16-18 | 19-21 || total
-------------------------+-------+-------+-------+-------+-------+-------+-------++-------
Melee: War axe           |    62 |   178 |   369 |   889 |       |       |   905 ||  2403
       Broad axe         |       |       |       |    91 |   317 |  1069 |       ||  1477
       Hand axe          |       |       |       |       |  1403 |   659 |   752 ||  2814
Throw: Dart              |       |       |       |       |     4 |     5 |       ||     9
 Cast: Blink             |       |       |       |       |     2 |       |       ||     2
       Gell's Gravitas   |       |       |       |       |     2 |       |       ||     2
Invok: Lesser Servant of |       |       |       |    18 |     4 |     2 |       ||    24
       Greater Servant o |       |       |       |       |     7 |    18 |     5 ||    30
       Major Destruction |       |       |       |       |     7 |       |     3 ||    10
 Abil: Heal Wounds       |     1 |     1 |    12 |    38 |    44 |    72 |    22 ||   190
Evoke: Wand              |       |       |       |    11 |     2 |     1 |     3 ||    17
       Phantom mirror    |       |       |       |       |       |     1 |       ||     1
       Condenser vane    |       |       |       |       |       |     1 |       ||     1
  Use: Scroll            |       |       |       |    23 |    23 |    25 |    10 ||    81
       Potion            |       |       |       |       |       |     3 |     7 ||    10
 Stab: Paralysed         |       |     1 |       |       |       |       |       ||     1
       Distracted        |       |       |       |     2 |     1 |     2 |     2 ||     7
       Petrified         |       |       |       |       |     4 |     4 |       ||     8
       Petrifying        |       |       |       |       |     1 |     2 |       ||     3
       Confused          |       |       |       |       |       |     1 |       ||     1
Armor: Scale mail        |    28 |       |       |       |       |       |       ||    28
       Plate armour      |    14 |   127 |   200 |   730 |   213 |   860 |   807 ||  2951
       Crystal plate arm |       |       |       |       |   816 |   134 |       ||   950
       Robe              |       |       |       |       |    29 |       |       ||    29
Dodge: Dodged            |    16 |    25 |    62 |   159 |   234 |   643 |   651 ||  1790
       Repelled          |       |       |       |       |     2 |    50 |    23 ||    75
Block: Kite shield       |    37 |    94 |   153 |   520 |   531 |   821 |   878 ||  3034
       Reflection        |       |       |       |       |       |     9 |    50 ||    59
